 Dungeon Crawl Stone Soup version 0.23-a0-448-g1c01f63 (webtiles) character file.

491069 Ijustatesigmund the Eclecticist (level 24, -9/190 HPs)
             Began as a Gnoll Wizard on Nov 15, 2018.
             Was the Champion of Cheibriados.
             Killed from afar by Margery (42 damage)
             ... with a bolt of fire
             ... on level 2 of the Depths on Nov 20, 2018.
             The game lasted 04:02:15 (57568 turns).

Ijustatesigmund the Eclecticist (Gnoll Wizard)     Turns: 57568, Time: 04:02:16

Health: -9/190     AC: 31    Str: 25    XL:     24   Next: 73%
Magic:  40/40      EV: 20    Int: 46    God:    Cheibriados [******]
Gold:   1374       SH: 27    Dex: 32    Spells: 12/58 levels left

rFire    . . .     SeeInvis +   j - +8 autumn katana {slice, Clar}
rCold    . . .     Gourm    .   O - +8 large shield {reflect}
rNeg     . . .     Faith    .   q - +8 chain mail "Wududairgh" {+Inv rElec MR+ Regen+}
rPois    +         Spirit   .   b - +2 hat {SInv}
rElec    +         Reflect  +   r - +2 cloak {MR+}
rCorr    .         Harm     .   A - +2 pair of gloves
MR       +++..     Clarity  +   C - +2 pair of boots {Stlth+}
Stlth    +++.......             (no amulet)
HPRegen  0.81/turn              v - ring of wizardry
MPRegen  0.27/turn              u - +6 ring of evasion

@: studying 2 skills, extremely drained, very slow
A: distributed training, fangs 1, agile 1, low mp 1, poison resistance, strong
nose
}: 3/15 runes: barnacled, silver, gossamer
a: Bend Time, Temporal Distortion, Slouch, Step From Time, Renounce Religion,
Evoke Invisibility


You were on level 2 of the Depths.
You worshipped Cheibriados.
Cheibriados was exalted by your worship.
You were not hungry.

You visited 9 branches of the dungeon, and saw 42 of its levels.
You visited the Abyss 1 time.
You visited 2 bazaars.
You also visited: Ice Cave and Desolation.

You collected 5847 gold pieces.
You spent 4473 gold pieces at shops.

Inventory:

Hand Weapons
 j - the +8 autumn katana (weapon) {slice, Clar}
   (You bought it in a shop on level 1 of the Vaults)

   It inflicts extra damage upon your enemies.
   It protects you against confusion.
 k - the +10 mace of Overwhelming Force {flame, rF+++ rC+ Str+5}
   (You found it on level 1 of the Orcish Mines)

   It has been specially enchanted to burn those struck by it, causing extra
   injury to most foes and up to half again as much damage against particularly
   susceptible opponents.
   It affects your strength (+5).
   It renders you almost immune to fire.
   It protects you from cold.
 y - a +7 flail of holy wrath
 H - the +1 mace of Haodec {elec, rC+++ rN+ Str-5}
   (You found it on level 1 of the Orcish Mines)

   Occasionally, upon striking a foe, it will discharge some electrical energy
   and cause terrible harm.
   It affects your strength (-5).
   It renders you almost immune to cold.
   It protects you from negative energy.
Missiles
 t - 12 throwing nets (quivered)
 S - 54 javelins
Armour
 b - a +2 hat of see invisible (worn)
 o - the +1 pair of boots "Quiwosuu" {rC++ MP-9 Str+2 SInv}
   (You found it on level 1 of the Shoals)

   It affects your strength (+2).
   It greatly protects you from cold.
   It affects your magic capacity (-9).
   It lets you see invisible.
 q - the +8 chain mail "Wududairgh" (worn) {+Inv rElec MR+ Regen+}
   (You found it on level 5 of the Dungeon)

   It insulates you from electricity.
   It affects your resistance to hostile enchantments.
   It lets you turn invisible.
   It increases your rate of regeneration.
 r - a +2 cloak of magic resistance (worn)
 A - a +2 pair of gloves (worn)
 C - a +2 pair of boots of stealth (worn)
 O - a +8 large shield of reflection (worn)
Jewellery
 i - an uncursed ring of protection from fire
 u - a +6 ring of evasion (right hand)
 v - a ring of wizardry (left hand)
 K - the ring of Ilivoygh {rN+ SInv}
   (You took it off a yaktaur captain on level 5 of the Vaults)

   [ring of positive energy]

   It protects you from negative energy.
   It lets you see invisible.
 N - an uncursed ring of protection from cold
 Z - the amulet "Bet Puast" {Faith +Fly rF- rC+++ Str-3}
   (You found it in the Desolation of Salt)

   [amulet of faith]

   It allows you to gain divine favour quickly.
   It affects your strength (-3).
   It makes you vulnerable to fire.
   It renders you almost immune to cold.
   It lets you fly.
Wands
 m - a wand of iceblast (8)
 L - a wand of acid (12)
 R - a wand of scattershot (7)
 X - a wand of disintegration (12)
Scrolls
 c - 12 scrolls of teleportation
 g - 3 scrolls of holy word
 h - a scroll of magic mapping
 l - 4 scrolls of fear
 n - 9 scrolls of amnesia
 w - 13 scrolls of identify
 x - 2 scrolls of blinking
 z - 3 scrolls of immolation
 I - 2 scrolls of brand weapon
 M - a scroll of fog
 P - 2 scrolls of silence
 U - 6 scrolls of enchant weapon
 W - a scroll of summoning
 Y - 23 scrolls of remove curse
Potions
 f - 3 potions of might
 p - 2 potions of flight
 s - 5 potions of mutation
 D - 5 potions of curing
 E - 10 potions of ambrosia
 F - 2 potions of agility
 G - 3 potions of invisibility
 J - 10 potions of brilliance
 Q - 2 potions of resistance
 T - 4 potions of heal wounds
 V - a potion of magic
Books
 e - a manual of Spellcasting
 B - a manual of Conjurations
Miscellaneous
 a - 6 phantom mirrors
Comestibles
 d - 58 rations


   Skills:
 + Level 15.6(8.4) Fighting
 + Level 15.6(8.4) Short Blades
 + Level 15.6(8.4) Long Blades
 + Level 15.6(8.4) Axes
 + Level 15.6(8.4) Maces & Flails
 + Level 15.6(8.4) Polearms
 + Level 15.6(8.4) Staves
 + Level 15.6(8.4) Slings
 + Level 15.6(8.4) Bows
 + Level 15.6(8.4) Crossbows
 + Level 15.6(8.4) Throwing
 + Level 15.6(8.4) Armour
 + Level 16.1(8.9) Dodging
 + Level 16.1(8.8) Stealth
 + Level 15.6(8.4) Shields
 + Level 15.6(8.4) Unarmed Combat
 + Level 17.5(10.0) Spellcasting
 + Level 13.7(6.8) Conjurations
 + Level 13.5(6.6) Hexes
 + Level 13.5(6.6) Charms
 + Level 13.6(6.7) Summonings
 + Level 13.5(6.6) Necromancy
 + Level 13.6(6.7) Translocations
 + Level 13.5(6.6) Transmutations
 + Level 13.5(6.6) Fire Magic
 + Level 13.5(6.6) Ice Magic
 + Level 13.5(6.6) Air Magic
 + Level 13.5(6.6) Earth Magic
 + Level 13.5(6.6) Poison Magic
 + Level 16.8(9.5) Invocations
 + Level 15.6(8.4) Evocations


You had 12 spell levels left.
You knew the following spells:

 Your Spells              Type           Power        Failure   Level  Hunger
a - Magic Dart            Conj           ####         1%          1    None
b - Blink                 Tloc           N/A          1%          2    None
c - Mephitic Cloud        Conj/Pois/Air  ######..     4%          3    None
d - Conjure Flame         Conj/Fire      ######..     4%          3    None
e - Regeneration          Chrm/Necr      ######....   4%          3    None
f - Passwall              Tmut/Erth      ######..     2%          2    None
g - Inner Flame           Hex/Fire       ######..     4%          3    None
h - Sticky Flame          Conj/Fire      ######..     13%         4    None
i - Fireball              Conj/Fire      ######....   34%         5    None
j - Portal Projectile     Hex/Tloc       ######       4%          3    None
k - Apportation           Tloc           ######       1%          1    None
l - Statue Form           Tmut/Erth      ######...    88%         6    ###....
m - Summon Butterflies    Summ           ######..     1%          1    None
n - Lesser Beckoning      Tloc           ######....   4%          3    None
o - Freezing Cloud        Conj/Ice/Air   ######....   87%         6    ###....

Your spell library contained the following spells:

 Spells                   Type           Power        Failure   Level  Hunger
 Animate Skeleton         Necr           N/A          1%          1    None
 Confusing Touch          Hex            ######       1%          1    None
 Corona                   Hex            ######.      1%          1    None
 Flame Tongue             Conj/Fire      #####        1%          1    None
 Freeze                   Ice            ####         1%          1    None
 Infusion                 Chrm           ####         1%          1    None
 Pain                     Necr           ####         1%          1    None
 Shock                    Conj/Air       ####         1%          1    None
 Summon Small Mammal      Summ           ####         1%          1    None
 Call Imp                 Summ           ######..     1%          2    None
 Searing Ray              Conj           ######       1%          2    None
 Throw Flame              Conj/Fire      ######       1%          2    None
 Throw Frost              Conj/Ice       ######       1%          2    None
 Corpse Rot               Necr           N/A          2%          2    None
 Ensorcelled Hibernation  Hex/Ice        ######       2%          2    None
 Poisonous Vapours        Pois/Air       ######       2%          2    None
 Shroud of Golubria       Chrm/Tloc      ######....   2%          2    None
 Slow                     Hex            ######..     2%          2    None
 Song of Slaying          Chrm           ######..     2%          2    None
 Swiftness                Chrm/Air       ######..     2%          2    None
 Call Canine Familiar     Summ           ######..     4%          3    None
 Confuse                  Hex            ######..     4%          3    None
 Dazzling Spray           Conj/Hex       ######       4%          3    None
 Gell's Gravitas          Tloc           ######....   4%          3    None
 Ignite Poison            Fire/Tmut/Pois ######..     4%          3    None
 Ozocubu's Armour         Chrm/Ice       ######..     4%          3    None
 Recall                   Summ/Tloc      N/A          4%          3    None
 Spectral Weapon          Hex/Chrm       ######..     4%          3    None
 Stone Arrow              Conj/Erth      ######       4%          3    None
 Summon Guardian Golem    Hex/Summ       ######..     4%          3    None
 Tukima's Dance           Hex            ######..     4%          3    None
 Vampiric Draining        Necr           ######....   4%          3    None
 Fulminant Prism          Conj/Hex       ######....   13%         4    None
 Iskenderun's Mystic Bla  Conj           ######..     13%         4    None
 Passage of Golubria      Tloc           N/A          13%         4    None
 Throw Icicle             Conj/Ice       ######..     13%         4    None
 Airstrike                Air            ######....   14%         4    None
 Animate Dead             Necr           N/A          14%         4    None
 Cause Fear               Hex            ######....   14%         4    None
 Leda's Liquefaction      Hex/Erth       ######....   14%         4    None
 Petrify                  Tmut/Erth      ######..     14%         4    None
 Summon Ice Beast         Ice/Summ       ######..     14%         4    None
 Summon Lightning Spire   Summ/Air       ######..     14%         4    None
 Agony                    Necr           ######..     34%         5    None
 Alistair's Intoxication  Tmut/Pois      ######..     34%         5    None
 Aura of Abjuration       Summ           ######....   34%         5    None
 Bolt of Draining         Conj/Necr      ######....   34%         5    None
 Bolt of Magma            Conj/Fire/Erth ######....   34%         5    None
 Borgnjor's Vile Clutch   Necr/Erth      ######....   34%         5    None
 Dispel Undead            Necr           ######..     34%         5    None
 Excruciating Wounds      Chrm/Necr      ######....   34%         5    None
 Iskenderun's Battlesphe  Conj/Chrm      ######..     34%         5    None
 Lee's Rapid Deconstruct  Erth           ######....   34%         5    None
 Lightning Bolt           Conj/Air       ######....   34%         5    None
 Metabolic Englaciation   Hex/Ice        ######....   34%         5    None
 Silence                  Hex/Air        ######....   34%         5    None
 Summon Demon             Summ           ######....   34%         5    None
 Summon Forest            Summ/Tloc      ######....   34%         5    None
 Summon Mana Viper        Hex/Summ       ######..     34%         5    None
 Venom Bolt               Conj/Pois      ######....   34%         5    None
 Yara's Violent Unravell  Hex/Tmut       ######....   34%         5    None
 Bolt of Fire             Conj/Fire      ######....   87%         6    ###....
 Iron Shot                Conj/Erth      ######....   87%         6    ###....
 Shadow Creatures         Summ           N/A          87%         6    ###....
 Darkness                 Hex            ######....   88%         6    ###....
 Death Channel            Necr           ######....   88%         6    ###....
 Deflect Missiles         Chrm/Air       ######....   88%         6    ###....
 Hydra Form               Tmut           ######....   88%         6    ###....
 Invisibility             Hex            ######..     88%         6    ###....
 Simulacrum               Ice/Necr       ######....   88%         6    ###....
 Malign Gateway           Summ/Tloc      ######....   100%        7    #####..
 Monstrous Menagerie      Summ           ######....   100%        7    #####..
 Orb of Destruction       Conj           ######....   100%        7    #####..
 Ring of Flames           Chrm/Fire      ######....   100%        7    #####..
 Spellforged Servitor     Conj/Summ      ######....   100%        7    #####..
 Summon Greater Demon     Summ           ######....   100%        7    #####..
 Summon Hydra             Summ           ######....   100%        7    #####..
 Discord                  Hex            ######....   100%        8    ######.
 Ignition                 Fire           ######....   100%        8    ######.
 Summon Horrible Things   Summ           ######....   100%        8    ######.
 Tornado                  Air            ######....   100%        9    #######


Dungeon Overview and Level Annotations

Branches:
Dungeon (15/15)            Temple (1/1) D:7            Lair (6/6) D:9
 Shoals (4/4) Lair:2       Spider (4/4) Lair:3        Slime (0/5) Lair:5
    Orc (2/2) D:11            Elf (3/3) Orc:2        Vaults (5/5) D:14
  Crypt (0/3) Vaults:3     Depths (2/5) D:15

Altars:
Ashenzari
Cheibriados
Dithmenos
Elyvilon
Fedhas
Gozag
Hepliaklqana
Kikubaaqudgha
Nemelex Xobeh
Ru
Trog
Vehumet
Xom
Yredelemnul
Zin
Jiyva

Shops:
Orc:2 *[*(   Vaults:1 [(   Vaults:4 [::((

Portals:
Hell: Depths:1

Annotations:
D:5 3 runed doors, TheNamelessOne's ghost, novice OpFE
D:9 2 transporters, Gildeon's ghost, novice MiFi
Depths:2 Margery


Innate Abilities, Weirdness & Mutations

Your experience applies equally to all skills.
You have very sharp teeth.
Your uncanny sense of smell can sniff out nearby items.
You are agile. (Dex +2)
Your magical capacity is low. (-10% MP)
Your system is resistant to poisons. (rPois)


Message History

Margery gestures at you while chanting.
The fireball explodes!
The fireball engulfs you!
A red ugly thing comes into view.
The lich mumbles some strange words.
The hell knight casts a spell at you.
Your +8 large shield of reflection reflects the puff of flame!
The puff of flame hits the hell knight.
The hell knight completely resists.
The red ugly thing gurgles horribly!
You hear a horrible gurgling sound!
You hear a shout! x4
Margery casts a spell at you.
The fireball explodes!
The fireball engulfs you!
* * * LOW HITPOINT WARNING * * *
A red very ugly thing comes into view.
Margery points at you and mumbles some strange words.
The bolt of fire misses you.
A red very ugly thing comes into view.
There is a stone staircase leading up here.
The red very ugly thing basks in the mutagenic energy from its kin and changes!
Margery points at you and mumbles some strange words.
The bolt of fire hits you!
You die...

......#....((.....#
.....[#.....(.....#
.....p.......((...#
..(.u@......†.....#
....u).......(...##
Z...u).........###
..#.##..........#
.... ###L(.....(##
.#. #..1@.....# .
###.......#
##......# #####.##
##


You could see Margery, a Hell Sentinel, 2 very ugly things, a lich (invisible),
a red ugly thing and a hell knight.

Vanquished Creatures
  Jory (Vaults:2)
  3 tentacled monstrosities
  Rupert (Spider:1)
  The ghost of Fyocim the Cleaver, an adept GnBe of Trog (Spider:1)
  3 titans
  3 liches
  2 quicksilver dragons
  A deep elf master archer (Elf:3)
  2 deep elf blademasters (Elf:3)
  2 krakens (Shoals:4)
  5 sphinxes
  Agnes (D:14)
  7 tengu reavers
  8 shadow dragons
  4 storm dragons
  Ilsuiw (Shoals:3)
  6 ghost moths
  3 fire giants
  7 deep elf sorcerers
  5 vault wardens
  4 frost giants
  An imperial myrmidon (Desolation)
  An orc warlord (Orc:2)
  8 emperor scorpions
  Louise (D:14)
  An iron dragon (Vaults:4)
  7 deep elf elementalists
  A ghoul (Vaults:3)
  2 war gargoyles (Vaults:4)
  5 entropy weavers
  9 very ugly things
  7 deep elf demonologists
  11 ironheart preservers
  11 stone giants
  Nessos (Lair:6)
  A vampire knight (Depths:1)
  A dire elephant (D:15)
  Azrael (Spider:1)
  6 deep elf annihilators
  A halazid warlock (Desolation)
  7 merfolk javelineers (Shoals:4)
  7 spark wasps
  9 ettins
  4 crystal guardians (Desolation)
  8 deep elf death magi
  A fire dragon (Vaults:2)
  2 great orbs of eyes
  6 merfolk impalers
  9 ragged hierophants
  Fannar (Lair:1)
  15 yaktaur captains
  3 ice dragons
  3 deep elf high priests
  17 ogre magi
  A rakshasa (Vaults:3)
  Erolcha (Orc:1)
  8 peacekeepers (Desolation)
  Harold (Lair:1)
  31 vault guards
  8 servants of whispers (Desolation)
  9 hydras
  5 merfolk aquamancers
  7 death knights
  45 two-headed ogres
  3 catoblepae (Lair:6)
  3 merfolk avatars
  8 centaur warriors
  26 dancing weapons
  6 death yaks
  A deep troll shaman (Vaults:4)
  2 tengu warriors
  A queen ant (Spider:3)
  2 deep troll earth magi
  An orc high priest (Elf:1)
  4 shadow wraiths
  22 deep elf knights
  2 soul eaters (Depths:1)
  A fire crab (shapeshifter) (Vaults:1)
  A storm dragon skeleton (Depths:2)
  2 skeletal warriors (Depths:1)
  9 sea snakes
  8 deep trolls
  An unseen horror (D:14)
  A glowing orange brain (shapeshifter) (Vaults:2)
  3 flayed ghosts
  13 deep elf archers
  4 phantasmal warriors
  6 wizards
  A wolf spider zombie (D:15)
  6 necromancers
  12 ironbrand convokers
  10 orc knights
  6 harpies
  27 ugly things
  A statue (Abyss:2)
  12 orb spiders
  26 wolf spiders
  85 deep elf magi
  2 orc sorcerers
  12 manticores
  5 fauns
  A human zombie (Vaults:2)
  3 centaur zombies
  A moth of wrath (Spider:3)
  10 vault sentinels
  27 cyclopes
  Maurice (D:13)
  4 guardian serpents (Desolation)
  A human skeleton (Vaults:2)
  13 elephants
  2 stone giant skeletons
  8 black mambas
  4 water nymphs
  2 ice statues (IceCv)
  A molten gargoyle (Lair:3)
  9 spiny frogs
  A black mamba (shapeshifter) (Elf:2)
  3 smoke demons
  A gargoyle (D:14)
  14 merfolk sirens
  3 rime drakes
  3 torpor snails (Spider:2)
  6 centaur skeletons
  A small abomination (Elf:3)
  2 efreet (D:13)
  7 freezing wraiths
  2 yaktaurs (shapeshifter)
  29 yaktaurs
  A redback zombie (D:15)
  6 demonic crawlers
  An ice devil (Abyss:2)
  9 komodo dragons
  26 jumping spiders
  4 tengu conjurers
  6 trolls
  2 trolls (shapeshifter)
  3 polar bears
  8 wind drakes
  32 merfolk
  3 meliai (D:14)
  A hornet (shapeshifter) (D:13)
  2 raiju (Abyss:2)
  An ettin zombie (Vaults:3)
  9 hornets
  60 saltlings
  A fire giant simulacrum (Vaults:4)
  29 slime creatures
  14 dream sheep
  11 hippogriffs
  11 snapping turtles
  24 blink frogs
  A spriggan (Lair:5)
  33 tarantellas
  67 redbacks
  4 air elementals
  A tarantella (shapeshifter) (Vaults:5)
  An ettin skeleton (Vaults:2)
  15 water elementals
  61 yaks
  5 wraiths
  4 fire elementals
  A human (D:14)
  A steam dragon (D:12)
  Grum (D:9)
  2 basilisks (shapeshifter)
  3 wyverns
  3 basilisks
  2 hungry ghosts
  5 fire bats (Orc:1)
  4 vampire mosquitoes
  7 wargs
  Edmund (D:5)
  2 acid dragons
  4 hell hounds (Spider:1)
  11 water moccasins
  15 soldier ants
  2 large abominations
  A hornet zombie (D:15)
  9 porcupines
  2 eyes of draining
  6 phantoms
  2 black bears
  An elf zombie (Vaults:4)
  43 ogres
  43 orc warriors
  9 ice beasts
  5 sky beasts
  6 boggarts
  A black bear (shapeshifter) (Vaults:3)
  28 wolves
  3 elf skeletons
  A necrophage (D:10)
  24 centaurs
  18 crocodiles
  4 big kobolds
  A bullfrog (shapeshifter) (Vaults:5)
  16 bullfrogs
  6 gnoll sergeants
  An earth elemental (Elf:1)
  A wyvern skeleton (D:14)
  5 scorpions
  A water moccasin skeleton (D:12)
  5 killer bees (D:9)
  8 wights (D:8)
  2 howler monkeys
  6 electric eels
  4 crimson imps
  A human simulacrum (Vaults:4)
  3 bullfrog zombies
  A quasit (Abyss:2)
  A yaktaur simulacrum (Vaults:1)
  8 hounds
  25 orc wizards
  Crazy Yiuf (D:5)
  20 orc priests
  5 jellies
  A bullfrog skeleton (D:12)
  Jessica (D:2)
  4 iguanas
  5 polar bear simulacra (Lair:4)
  A yak simulacrum (Lair:4)
  26 worker ants
  4 wolf simulacra (Lair:4)
  2 hound skeletons
  A worker ant zombie (D:5)
  13 adders
  10 gnolls
  4 shadow imps
  2 adder skeletons (D:4)
  5 worms
  3 dart slugs
  5 leopard geckos
  85 orcs
  6 bats
  5 giant cockroaches
  5 goblins
  5 hobgoblins
  2 jackals (D:2)
  13 kobolds
  8 quokkas
  A ball python (D:6)
  3 frilled lizards (D:2)
  A leopard gecko skeleton (D:6)
  A leopard gecko zombie (D:7)
  6 rats
  A river rat simulacrum (Lair:4)
  A butterfly (D:7)
  2 crawling corpses (Elf:3)
  A fungus (Lair:2)
  3 plants (Lair:6)
  10 tentacles (Shoals:4)
1941 creatures vanquished.

Vanquished Creatures (collateral kills)
  A faun (Shoals:2)
  A blink frog (Lair:1)
  A redback (Spider:4)
  An acid dragon (D:10)
  An orc warrior (D:11)
  A bullfrog (D:11)
  2 electric eels (D:11)
  A worker ant (Spider:3)
  A shadow imp (D:10)
10 creatures vanquished.

Vanquished Creatures (others)
  A golden dragon (Vaults:5)
  A deep elf master archer (Elf:3)
  A titan (Vaults:5)
  A vampire knight (Depths:1)
  An entropy weaver (Spider:2)
  A merfolk javelineer (Shoals:4)
  A yaktaur captain (Vaults:2)
  A merfolk aquamancer (Shoals:1)
  A centaur warrior (D:15)
  A satyr (Shoals:4)
  A deep elf knight (Elf:1)
  A skeletal warrior (Vaults:1)
  5 deep elf archers
  An orb spider (Spider:2)
  A harpy (Vaults:2)
  3 fauns (Shoals:2)
  3 deep elf magi
  2 cyclopes
  A molten gargoyle (Desolation)
  A hornet (D:11)
  A freezing wraith (Vaults:3)
  14 yaktaurs
  An air elemental (Elf:1)
  4 centaurs
  An ogre (Vaults:4)
  2 orcs
  A crawling corpse (Elf:3)
  A fire vortex (D:11)
  10 fungi
  22 plants
  15 tentacles (Shoals:4)
101 creatures vanquished.

Grand Total: 2052 creatures vanquished

Notes
Turn   | Place    | Note
-------+----------+-------------------------------------------
     0 | D:1      | Ijustatesigmund the Gnoll Wizard began the quest for the
                  | Orb.
     0 | D:1      | Reached XP level 1. HP: 13/13 MP: 8/8
   172 | D:1      | Reached XP level 2. HP: 19/19 MP: 5/10
   176 | D:1      | Learned a level 2 spell: Blink
   974 | D:2      | Noticed Jessica
   978 | D:2      | Killed Jessica
   978 | D:2      | Reached skill level 1 in Invocations
   978 | D:2      | Reached XP level 3. HP: 25/25 MP: 6/11
   983 | D:2      | Learned a level 3 spell: Mephitic Cloud
   987 | D:2      | Learned a level 3 spell: Conjure Flame
  1021 | D:2      | Reached skill level 1 in Fighting
  1021 | D:2      | Reached skill level 1 in Short Blades
  1021 | D:2      | Reached skill level 1 in Long Blades
  1021 | D:2      | Reached skill level 1 in Axes
  1021 | D:2      | Reached skill level 1 in Maces & Flails
  1021 | D:2      | Reached skill level 1 in Polearms
  1021 | D:2      | Reached skill level 1 in Staves
  1021 | D:2      | Reached skill level 1 in Slings
  1021 | D:2      | Reached skill level 1 in Bows
  1021 | D:2      | Reached skill level 1 in Crossbows
  1021 | D:2      | Reached skill level 1 in Throwing
  1021 | D:2      | Reached skill level 1 in Armour
  1021 | D:2      | Reached skill level 1 in Shields
  1021 | D:2      | Reached skill level 1 in Unarmed Combat
  1021 | D:2      | Reached skill level 1 in Evocations
  1144 | D:2      | Reached XP level 4. HP: 32/32 MP: 5/13
  1795 | D:2      | Reached skill level 1 in Hexes
  1795 | D:2      | Reached skill level 1 in Charms
  1795 | D:2      | Reached skill level 1 in Necromancy
  1795 | D:2      | Reached skill level 1 in Transmutations
  1795 | D:2      | Reached skill level 1 in Fire Magic
  1795 | D:2      | Reached skill level 1 in Ice Magic
  1795 | D:2      | Reached skill level 1 in Air Magic
  1795 | D:2      | Reached skill level 1 in Earth Magic
  1795 | D:2      | Reached skill level 1 in Poison Magic
  2117 | D:2      | Reached XP level 5. HP: 37/37 MP: 9/14
  2745 | D:3      | Found a transporter.
  3477 | D:3      | Reached XP level 6. HP: 23/44 MP: 16/16
  3636 | D:3      | Found a transporter.
  4164 | D:4      | Noticed a black bear
  4177 | D:3      | Reached skill level 5 in Dodging
  4412 | D:4      | Killed a black bear
  4778 | D:4      | Reached XP level 7. HP: 50/50 MP: 11/18
  5324 | D:4      | Found a shadowy altar of Dithmenos.
  5520 | D:5      | Entered Level 5 of the Dungeon
  5651 | D:5      | Reached skill level 5 in Stealth
  6021 | D:5      | Noticed Edmund
  6032 | D:5      | Killed Edmund
  6032 | D:5      | Reached XP level 8. HP: 57/57 MP: 7/19
  6192 | D:5      | Found a runed gate.
  6193 | D:5      | Found a runed gate.
  6194 | D:5      | Found a runed gate.
  6194 | D:5      | Noticed a yak
  6200 | D:5      | Noticed TheNamelessOne's ghost (novice OpFE)
  6206 | D:5      | Got a heavily runed chain mail
  7069 | D:5      | Found a shimmering altar of Xom.
  7226 | D:5      | Found a runed door.
  7230 | D:5      | Noticed Crazy Yiuf
  7240 | D:5      | Killed Crazy Yiuf
  7240 | D:5      | Reached skill level 8 in Spellcasting
  7835 | D:6      | Reached XP level 9. HP: 55/65 MP: 11/21
  8620 | D:6      | Found a glowing silver altar of Zin.
  9511 | D:8      | Identified the +8 chain mail "Wududairgh" {+Inv rElec MR+
                  | Regen+} (You found it on level 5 of the Dungeon)
  9513 | D:8      | Gained mutation: Your system is resistant to poisons.
                  | (rPois) [potion of mutation]
  9513 | D:8      | Gained mutation: You are agile. (Dex +2) [potion of
                  | mutation]
  9994 | D:7      | Reached skill level 5 in Invocations
 10018 | D:7      | Found a staircase to the Ecumenical Temple.
 10738 | D:8      | Reached XP level 10. HP: 69/73 MP: 22/22
 11657 | D:9      | Noticed an elephant
 11658 | D:9      | Found a staircase to the Lair.
 11761 | D:9      | Noticed Gildeon's ghost (novice MiFi)
 11765 | D:9      | Found a hazy altar of Hepliaklqana.
 11790 | D:9      | Found a transporter.
 11803 | D:9      | Reached skill level 5 in Fighting
 11803 | D:9      | Reached skill level 5 in Short Blades
 11803 | D:9      | Reached skill level 5 in Long Blades
 11803 | D:9      | Reached skill level 5 in Axes
 11803 | D:9      | Reached skill level 5 in Maces & Flails
 11803 | D:9      | Reached skill level 5 in Polearms
 11803 | D:9      | Reached skill level 5 in Staves
 11803 | D:9      | Reached skill level 5 in Slings
 11803 | D:9      | Reached skill level 5 in Bows
 11803 | D:9      | Reached skill level 5 in Crossbows
 11803 | D:9      | Reached skill level 5 in Throwing
 11803 | D:9      | Reached skill level 5 in Armour
 11803 | D:9      | Reached skill level 5 in Shields
 11803 | D:9      | Reached skill level 5 in Unarmed Combat
 11803 | D:9      | Reached skill level 5 in Evocations
 11807 | D:9      | Found a transporter.
 11981 | D:9      | Found a bloodstained altar of Trog.
 11981 | D:9      | Noticed Grum
 12005 | D:9      | Killed Grum
 12157 | D:9      | Reached skill level 9 in Spellcasting
 12281 | D:9      | Killed an elephant
 12298 | Lair:1   | Entered Level 1 of the Lair of Beasts
 12298 | Lair:1   | Noticed Harold
 12321 | D:9      | Reached skill level 5 in Conjurations
 12321 | D:9      | Reached skill level 5 in Summonings
 12321 | D:9      | Reached skill level 5 in Translocations
 12484 | D:10     | Entered Level 10 of the Dungeon
 12801 | D:10     | Reached XP level 11. HP: 73/81 MP: 24/24
 13612 | D:11     | Noticed a brown ugly thing
 13626 | D:11     | Killed a brown ugly thing
 13798 | D:11     | Identified the +0 robe of Mumblety Peg {+Fly rC++}
 13871 | D:11     | Noticed a death knight
 13977 | D:11     | Killed a death knight
 13977 | D:11     | Reached skill level 5 in Hexes
 13977 | D:11     | Reached skill level 5 in Charms
 13977 | D:11     | Reached skill level 5 in Necromancy
 13977 | D:11     | Reached skill level 5 in Transmutations
 13977 | D:11     | Reached skill level 5 in Fire Magic
 13977 | D:11     | Reached skill level 5 in Ice Magic
 13977 | D:11     | Reached skill level 5 in Air Magic
 13977 | D:11     | Reached skill level 5 in Earth Magic
 13977 | D:11     | Reached skill level 5 in Poison Magic
 14147 | D:11     | Noticed a purple ugly thing
 14158 | D:11     | Killed a purple ugly thing
 14403 | D:11     | Found a staircase to the Orcish Mines.
 14912 | Temple   | Entered the Ecumenical Temple
 14935 | Temple   | Became a worshipper of Cheibriados the Contemplative
 15155 | D:12     | Noticed a deep elf mage
 15361 | D:12     | Noticed a two-headed ogre
 15378 | D:12     | Killed a two-headed ogre
 15596 | D:12     | Reached * piety under Cheibriados
 15678 | D:12     | Noticed a deep elf mage
 15707 | D:12     | Killed a deep elf mage
 15984 | D:12     | Noticed a four-headed hydra
 15992 | D:12     | Killed a four-headed hydra
 16057 | D:12     | Reached XP level 12. HP: 89/89 MP: 21/25
 16170 | D:12     | Reached ** piety under Cheibriados
 16195 | D:12     | Reached skill level 10 in Spellcasting
 16904 | Lair:1   | Noticed Fannar
 16913 | Lair:1   | Noticed a six-headed hydra
 16932 | Lair:1   | Noticed a five-headed hydra
 16981 | Lair:1   | Upgraded the game from 0.23-a0-435-g79ed067 to
                  | 0.23-a0-436-g57debff
 17294 | Lair:1   | Reached *** piety under Cheibriados
 17455 | Lair:1   | Killed Fannar
 17672 | Lair:1   | Killed Harold
 17680 | Lair:1   | Killed a six-headed hydra
 17710 | Lair:1   | Killed a five-headed hydra
 18165 | Lair:1   | Learned a level 3 spell: Regeneration
 18326 | Lair:2   | Reached XP level 13. HP: 98/98 MP: 27/27
 18389 | Lair:2   | Found a frozen archway.
 18398 | IceCv    | Entered an ice cave
 18450 | IceCv    | Found a transporter.
 18475 | IceCv    | Found a transporter.
 18709 | Lair:2   | Reached **** piety under Cheibriados
 19225 | Lair:2   | Found a staircase to the Shoals.
 19591 | Lair:3   | Reached ***** piety under Cheibriados
 19898 | Lair:3   | Found a hole to the Spider Nest.
 20227 | Lair:3   | Identified the +11 plate armour of Deysah {rF- rN+ Str+2
                  | Dex+3} (You found it on level 3 of the Lair of Beasts)
 20486 | Lair:3   | Reached skill level 11 in Spellcasting
 20894 | Orc:1    | Entered Level 1 of the Orcish Mines
 20980 | Orc:1    | Noticed Erolcha
 20990 | Orc:1    | Killed Erolcha
 21112 | Orc:1    | Noticed an ettin
 21219 | Orc:1    | Noticed an ettin
 21223 | Orc:1    | Killed an ettin
 21223 | Orc:1    | Reached XP level 14. HP: 106/106 MP: 9/29
 21842 | Orc:1    | Reached skill level 10 in Dodging
 21989 | Orc:2    | Entered Level 2 of the Orcish Mines
 22199 | Orc:2    | Reached skill level 10 in Stealth
 22445 | Orc:2    | Reached ****** piety under Cheibriados
 22570 | Orc:2    | Noticed an orc warlord
 22593 | Orc:2    | Killed an orc warlord
 22593 | Orc:2    | Reached skill level 10 in Invocations
 22913 | Orc:2    | Found Famoplas's General Store.
 22913 | Orc:2    | Found Seli's Armour Shoppe.
 22915 | Orc:2    | Found Esif's Assorted Antiques.
 22917 | Orc:2    | Found Rofogodd's Weapon Shop.
 22932 | Orc:2    | Bought a +2 pair of boots of stealth for 279 gold pieces
 22934 | Orc:2    | Bought a runed scarf for 256 gold pieces
 23129 | Orc:2    | Found a staircase to the Elven Halls.
 23448 | Orc:1    | Noticed a fire giant
 23462 | Orc:1    | Killed a fire giant
 23639 | Orc:1    | Got a jewelled mace
 23641 | Orc:1    | Got a bloodstained mace
 23643 | Orc:1    | Got a crystal flail
 23661 | Orc:1    | Identified the +10 mace of Overwhelming Force {flame, rF+++
                  | rC+ Str+5} (You found it on level 1 of the Orcish Mines)
 23662 | Orc:1    | Identified the cursed +1 mace of Haodec {elec, rC+++ rN+
                  | Str-5} (You found it on level 1 of the Orcish Mines)
 23664 | Orc:1    | Identified the +5 flail of Karma {crush, *Noise rElec
                  | Dex+2} (You found it on level 1 of the Orcish Mines)
 23699 | Orc:1    | Learned a level 2 spell: Passwall
 24385 | Lair:4   | You fall through a shaft for 2 floors!
 24385 | Lair:6   | Entered Level 6 of the Lair of Beasts
 24436 | Lair:5   | Reached XP level 15. HP: 89/114 MP: 17/30
 25165 | Lair:5   | Found a viscous altar of Jiyva.
 25165 | Lair:5   | Found a staircase to the Slime Pits.
 25728 | Lair:4   | Learned a level 3 spell: Inner Flame
 25733 | Lair:4   | Learned a level 4 spell: Sticky Flame
 25739 | Lair:4   | Learned a level 5 spell: Fireball
 26189 | Lair:6   | Noticed Nessos
 26190 | Lair:6   | Killed Nessos
 26455 | Lair:6   | Reached skill level 12 in Spellcasting
 26597 | Lair:6   | Reached skill level 10 in Fighting
 26597 | Lair:6   | Reached skill level 10 in Short Blades
 26597 | Lair:6   | Reached skill level 10 in Long Blades
 26597 | Lair:6   | Reached skill level 10 in Axes
 26597 | Lair:6   | Reached skill level 10 in Maces & Flails
 26597 | Lair:6   | Reached skill level 10 in Polearms
 26597 | Lair:6   | Reached skill level 10 in Staves
 26597 | Lair:6   | Reached skill level 10 in Slings
 26597 | Lair:6   | Reached skill level 10 in Bows
 26597 | Lair:6   | Reached skill level 10 in Crossbows
 26597 | Lair:6   | Reached skill level 10 in Throwing
 26597 | Lair:6   | Reached skill level 10 in Armour
 26597 | Lair:6   | Reached skill level 10 in Shields
 26597 | Lair:6   | Reached skill level 10 in Unarmed Combat
 26597 | Lair:6   | Reached skill level 10 in Evocations
 27395 | Spider:1 | Entered Level 1 of the Spider Nest
 27406 | Spider:1 | Noticed Rupert
 27414 | Spider:1 | Killed Rupert
 27417 | Spider:1 | Found a large runed door.
 27477 | Spider:1 | Reached XP level 16. HP: 112/122 MP: 16/32
 28107 | Spider:1 | Found a large runed door.
 28108 | Spider:1 | Noticed Fyocim's ghost (adept GnBe)
 28192 | Spider:1 | Killed Fyocim's ghost
 28197 | Spider:1 | Identified the Incunabulum of the Salmon
 28205 | Spider:1 | Identified Dierir's Collected Works on Battle Magic and
                  | Cold
 28348 | Spider:1 | Noticed Azrael
 28361 | Spider:1 | Killed Azrael
 29903 | Spider:4 | Entered Level 4 of the Spider Nest
 29956 | Spider:4 | Reached XP level 17. HP: 72/131 MP: 5/33
 30250 | Spider:4 | Reached skill level 13 in Spellcasting
 30371 | Spider:4 | Learned a level 3 spell: Portal Projectile
 31514 | Spider:4 | Got a gossamer rune of Zot
 31909 | D:13     | Reached skill level 10 in Conjurations
 31909 | D:13     | Reached skill level 10 in Summonings
 31909 | D:13     | Reached skill level 10 in Translocations
 32306 | D:13     | Noticed Maurice
 32316 | D:13     | Killed Maurice
 32935 | D:14     | Noticed Agnes
 32944 | D:14     | Killed Agnes
 33110 | D:14     | Noticed Louise
 33135 | D:14     | Killed Louise
 33337 | D:14     | Found a gate to the Vaults.
 33353 | D:14     | Reached skill level 10 in Hexes
 33353 | D:14     | Reached skill level 10 in Charms
 33353 | D:14     | Reached skill level 10 in Necromancy
 33353 | D:14     | Reached skill level 10 in Transmutations
 33353 | D:14     | Reached skill level 10 in Fire Magic
 33353 | D:14     | Reached skill level 10 in Ice Magic
 33353 | D:14     | Reached skill level 10 in Air Magic
 33353 | D:14     | Reached skill level 10 in Earth Magic
 33353 | D:14     | Reached skill level 10 in Poison Magic
 33709 | Vaults:1 | Entered Level 1 of the Vaults
 33764 | Vaults:1 | Reached XP level 18. HP: 134/139 MP: 35/35
 34102 | Vaults:1 | Found a ruined gateway.
 34106 | Desolati | Entered the Desolation of Salt
 34460 | Desolati | Identified the Almanac of Enchantment
 34567 | Desolati | Identified the +2 leather armour of Pan-Flutes {rElec MR+}
 34700 | Desolati | Got a faintly glowing garnet amulet
 34701 | Desolati | Identified the amulet "Bet Puast" {Faith +Fly rF- rC+++
                  | Str-3} (You found it in the Desolation of Salt)
 34982 | Desolati | Identified the Collected Works on Igneous Lightness
 35389 | Vaults:1 | Found Ydaqiar's Weapon Boutique.
 35404 | Vaults:1 | Bought the +8 autumn katana {slice, Clar} for 728 gold
                  | pieces
 35404 | Vaults:1 | Found the +8 autumn katana {slice, Clar}
 35592 | Vaults:1 | Found Exkogami's Antique Armour Shop.
 35996 | Vaults:1 | Reached XP level 19. HP: 147/147 MP: 36/36
 36316 | Vaults:2 | Reached skill level 14 in Spellcasting
 36639 | Vaults:2 | Noticed Jory
 36662 | Vaults:2 | Killed Jory
 36969 | Vaults:2 | Cast into level 2 of the Abyss (a deep elf demonologist)
 37008 | Abyss:2  | Found a corrupted altar of Lugonu.
 37186 | Vaults:2 | Escaped the Abyss
 38120 | Vaults:3 | Reached XP level 20. HP: 145/155 MP: 38/38
 38623 | Vaults:3 | Found a staircase to the Crypt.
 39980 | D:13     | Upgraded the game from 0.23-a0-436-g57debff to
                  | 0.23-a0-448-g1c01f63
 40197 | Shoals:1 | Entered Level 1 of the Shoals
 40800 | Shoals:1 | Identified the +1 pair of boots "Quiwosuu" {rC++ MP-9 Str+2
                  | SInv} (You found it on level 1 of the Shoals)
 41662 | Shoals:3 | Noticed Ilsuiw
 41727 | Shoals:3 | Killed Ilsuiw
 42079 | Shoals:3 | Reached XP level 21. HP: 144/163 MP: 39/39
 42448 | Shoals:3 | Learned a level 1 spell: Apportation
 42488 | Shoals:3 | Learned a level 6 spell: Statue Form
 42549 | Shoals:4 | Entered Level 4 of the Shoals
 42575 | Shoals:4 | Reached skill level 15 in Spellcasting
 43154 | Shoals:4 | Got a barnacled rune of Zot
 44080 | Vaults:4 | Reached skill level 15 in Invocations
 44270 | Vaults:4 | Found Roezekos's Book Boutique.
 44272 | Vaults:4 | Found Gepp's Antique Armour Shop.
 44280 | Vaults:4 | Bought a smoking helmet for 332 gold pieces
 44290 | Vaults:4 | Identified the cursed +0 helmet "Qaalougi" {rPois} (You
                  | bought it in a shop on level 4 of the Vaults)
 44996 | Vaults:4 | Found Libofoer's Antique Weapon Emporium.
 45002 | Vaults:4 | Found Caxuq's Antique Weapon Shoppe.
 45004 | Vaults:4 | Bought a dazzling spear for 184 gold pieces
 45004 | Vaults:4 | Identified the cursed +0 spear of Extremism {venom, SInv}
                  | (You bought it in a shop on level 4 of the Vaults)
 45011 | Vaults:4 | Bought a steaming arbalest for 399 gold pieces
 45903 | Vaults:4 | Reached XP level 22. HP: 154/172 MP: 41/41
 46013 | Vaults:4 | Found Unedghiack's Book Emporium.
 46219 | Vaults:5 | Entered Level 5 of the Vaults
 46957 | Vaults:4 | Reached skill level 15 in Dodging
 47504 | Vaults:5 | Reached skill level 15 in Stealth
 47839 | Vaults:5 | Identified the ring of Ilivoygh {rN+ SInv}
 48149 | Vaults:5 | Noticed a golden dragon
 48178 | Vaults:5 | Identified the +7 hand axe of Responsibility {freeze,
                  | *Contam rPois Str+4 Dex+8}
 48182 | Vaults:5 | Killed a golden dragon
 48182 | Vaults:5 | Reached XP level 23. HP: 60/179 MP: 42/42
 48348 | Vaults:5 | Got a silver rune of Zot
 48589 | Vaults:5 | Identified the Papyrus of Nocuous Creation
 48645 | Vaults:5 | Reached skill level 16 in Spellcasting
 49043 | Vaults:5 | Learned a level 1 spell: Summon Butterflies
 49463 | Vaults:5 | Identified a +2 pair of boots of running (You found it on
                  | level 5 of the Vaults)
 49555 | Vaults:5 | Learned a level 3 spell: Lesser Beckoning
 49625 | Vaults:4 | Bought a book of Clouds for 810 gold pieces
 49632 | Vaults:4 | Learned a level 6 spell: Freezing Cloud
 49956 | Elf:1    | Entered Level 1 of the Elven Halls
 50240 | Elf:1    | Identified Rent's Incunabulum of Confrontation
 50990 | Elf:1    | Found a gateway to a bazaar.
 50999 | Bazaar   | Entered a bazaar
 50999 | Bazaar   | Found Paup's Magic Scroll Emporium.
 50999 | Bazaar   | Found Uczukledwuo's Jewellery Shoppe.
 51042 | Bazaar   | Found Otset's General Store.
 51042 | Bazaar   | Found Gotoc's Gadget Shop.
 51055 | Bazaar   | Found Didiam's Book Boutique.
 51077 | Bazaar   | Bought a scroll of teleportation for 27 gold pieces
 51077 | Bazaar   | Bought a scroll of identify for 18 gold pieces
 51077 | Bazaar   | Bought a scroll of holy word for 67 gold pieces
 51077 | Bazaar   | Bought a scroll of identify for 18 gold pieces
 51077 | Bazaar   | Bought a scroll of blinking for 67 gold pieces
 51227 | Elf:2    | Reached skill level 15 in Fighting
 51227 | Elf:2    | Reached skill level 15 in Short Blades
 51227 | Elf:2    | Reached skill level 15 in Long Blades
 51227 | Elf:2    | Reached skill level 15 in Axes
 51227 | Elf:2    | Reached skill level 15 in Maces & Flails
 51227 | Elf:2    | Reached skill level 15 in Polearms
 51227 | Elf:2    | Reached skill level 15 in Staves
 51227 | Elf:2    | Reached skill level 15 in Slings
 51227 | Elf:2    | Reached skill level 15 in Bows
 51227 | Elf:2    | Reached skill level 15 in Crossbows
 51227 | Elf:2    | Reached skill level 15 in Throwing
 51227 | Elf:2    | Reached skill level 15 in Armour
 51227 | Elf:2    | Reached skill level 15 in Shields
 51227 | Elf:2    | Reached skill level 15 in Unarmed Combat
 51227 | Elf:2    | Reached skill level 15 in Evocations
 51336 | Elf:2    | Found a runed gate.
 51336 | Elf:2    | Found a runed gate.
 51336 | Elf:2    | Found a runed gate.
 52448 | Elf:3    | Entered Level 3 of the Elven Halls
 52518 | Elf:3    | Reached XP level 24. HP: 131/189 MP: 22/43
 52743 | Elf:3    | Identified the ring "Fesu" {rF+ Dex+3}
 52864 | Elf:3    | Identified the cursed ring of Dypugiod {*Contam +Blink
                  | rPois EV-3 Int+8}
 52873 | Elf:3    | Reached skill level 17 in Spellcasting
 53024 | Elf:3    | Found a gateway to a bazaar.
 53034 | Bazaar   | Entered a bazaar
 53034 | Bazaar   | Found Sanairr's Antique Weapon Emporium.
 53034 | Bazaar   | Found Muirrane's Antique Armour Shoppe.
 53046 | Bazaar   | Found Hiunuh's Distillery.
 53063 | Bazaar   | Found Qopunarr's General Store.
 53072 | Bazaar   | Found Roagerr's Distillery.
 53080 | Bazaar   | Bought a potion of heal wounds for 65 gold pieces
 53080 | Bazaar   | Bought a potion of heal wounds for 65 gold pieces
 53109 | Bazaar   | Bought a warped plate armour for 1092 gold pieces
 53109 | Bazaar   | Identified the +1 plate armour "Humaciaw" {rElec rC+} (You
                  | bought it in a shop in a bazaar)
 53153 | Bazaar   | Bought 2 scrolls of identify for 44 gold pieces
 53153 | Bazaar   | Bought a scroll of identify for 22 gold pieces
 53810 | Elf:3    | Identified Jiusiap's Reference Book on Snow and Combat
                  | Magic
 54049 | D:15     | Entered Level 15 of the Dungeon
 54300 | D:15     | Found a staircase to the Depths.
 54800 | Depths:1 | Entered Level 1 of the Depths
 55504 | Depths:1 | Gained mutation: Your magical capacity is low. (-10% MP) [a
                  | cacodemon]
 56850 | Depths:1 | Identified Ufiav's Collected Works on Evil
 56912 | Depths:1 | Found a gateway to Hell.
 57559 | Depths:2 | Noticed Margery
 57568 | Depths:2 | Killed from afar by Margery

Vault maps used:
D:1:      lightli_arrival_statuegarden
D:2:      kennysheep_cross_bottleneck, uniq_jessica
D:3:      gammafunk_steamed_eel
D:4:      minivault_26, grunt_dithmenos_shadows
D:5:      gammafunk_ghost_split, first_ration, lemuel_altar_in_water,
          uniq_edmund, uniq_crazy_yiuf_cottage
D:6:      basic_altar, chequers_serial_rivers_small_a, minmay_statues_item
D:7:      minmay_temple_entry_butterflies
D:9:      lemuel_round_altar, david_lair_generic, gammafunk_ghost_arena,
          trog_book, uniq_grum
D:11:     kennysheep_orc_monster_closet_entryway, grunt_ogre_cave
D:12:     chequers_decorated_corner, st_stairs_8
D:13:     minmay_isolated_rectangles_in_corner, chequers_serial_rivers_large_a,
          uniq_maurice
D:14:     grunt_vaults_entry_fortified, chequers_serial_rivers_micro_a,
          uniq_agnes, uniq_louise
D:15:     hangedman_depths_entry_try_elsewhere_first
Temple:   nicolae_temple_the_god_donut
Lair:1:   grunt_megastairs_4, lemuel_fruit_tree, uniq_fannar, uniq_harold
Lair:2:   elwin_shoals_entry_stream, portal_ice_cave_rime, serial_forest,
          infiniplex_forest_clump_curved, infiniplex_forest_straight_3,
          infiniplex_forest_clump_medium, infiniplex_forest_clump_double,
          beast_lair_carwin_2
Lair:3:   spider_nest_entry_web_field
Lair:4:   statuecave_lemuel, eino_house_with_fridge, grunt_megastairs_2
Lair:5:   slime_altar_1, nicolae_volcano_entry_two_sided, st_stairs_10,
          minivault_24, grunt_forest_large_clearing_hut
Lair:6:   evilmike_catoblepas_cave, lemuel_fruit_fields, uniq_nessos
Shoals:1: nicolae_shoals_aquamancer_cove
Shoals:3: uniq_ilsuiw
Shoals:4: shoals_end_hangedman
Spider:1: ebering_ghost_disaster_area, uniq_rupert, uniq_azrael
Spider:3: zaba_antful_of_joy
Spider:4: grunt_spider_rune_circles, spiders_nest_ghost_moth_duel
Orc:1:    giant_chief_lemuel, nicolae_orc_rockfall, rock_pile, uniq_erolcha
Orc:2:    st_orc_rangers
Elf:1:    minmay_elf_arrival_summoners, serial_shops, bzr_firewalk,
          minmay_elf_annihilation
Elf:2:    hangedman_elf_disciples, basic_stair_grate_trap
Elf:3:    grunt_elf_hall_branching, serial_shops, bzr_in_the_mist,
          serial_sigils, serial_sigils_hangedman_gut,
          serial_sigils_hangedman_gnaw, serial_sigils_hangedman_writhe,
          serial_sigils_hangedman_snap, nooodl_food_tri
Vaults:1: ontoclasm_vaults_twist, vaults_mumra_lcd,
          vaults_mumra_minichess_inversion, v_pattern_1, v_misc_24, v_misc_27,
          hangedman_vaults_impose, nicolae_vaults_shelves_hall,
          vaults_room_grunt_arrival_ludios, serial_shops, shop_statue,
          nicolae_shop_statue_plus, portal_desolation_entry_salt
Vaults:2: st_star, vaults_room_stairs_pillars, nicolae_vaults_little_squares_4,
          v_pattern_2, vaults_standard_mumra_x, v_misc_29,
          vaults_room_semicircle, v_rooms_3, vaults_room_semicircle,
          ontoclasm_vaults_eye, vaults_room_ringed_pool, uniq_jory
Vaults:3: hangedman_vaults_stagger, v_alt_pattern_3, v_alt_pattern_6,
          minmay_crypt_entry_nasty_monster, hangedman_vaults_snaps,
          nicolae_vaults_twisting_passages, nicolae_vaults_gold_heap
Vaults:4: v_misc_10, v_misc_30, v_misc_30, v_rooms_6, nicolae_vaults_rhombus_6,
          grunt_vaults_diagonal, v_misc_11, hangedman_vaults_stream,
          nicolae_vaults_branching_niches, nicolae_vaults_circle_grid_b,
          nicolae_vaults_little_squares_4, nicolae_vaults_bisected_inception,
          v_misc_24, vaults_dpeg_hooks, ontoclasm_vaults_ligature,
          vaults_room_pool, serial_shops, nicolae_shop_trees,
          nicolae_shop_competitors_out_of_business, nicolae_shop_statue_plus,
          nicolae_shop_crystal, shop
Vaults:5: serial_shops
Depths:1: hangedman_tar_grid_catacomb, chequers_big_river, special_room,
          minmay_librarian
Depths:2: evilmike_wizard_prison, grunt_metal_band, serial_bayou_shore_a,
          serial_shops, shop, shop_statue, nicolae_shop_trees,
          nicolae_shop_temple_entry_statues_fountains
Bazaar:   bazaar_kb_twisted_cavern, bazaar_kb_twisted_cavern
IceCv:    ice_cave_statue_garden_transporter

Skill      XL: |  1  2  3  4  5  6  7  8  9 10 11 12 13 14 15 16 17 18 19 20 21 22 23 24 |
---------------+-------------------------------------------------------------------------+-----
Conjurations   | 2 3 4 5 6 7 8 9 10 11 12 13 | 13.7
Summonings     | 2 3 4 5 6 7 8 9 10 11 12 13 | 13.6
Translocations | 2 3 4 5 6 7 8 9 10 11 12 13 | 13.6
Invocations    | 1 2 3 4 5 6 7 8 9 10 11 12 13 14 15 16 | 16.8
Fighting       | 1 2 3 4 5 6 7 8 9 10 11 12 13 14 15 | 15.6
Short Blades   | 1 2 3 4 5 6 7 8 9 10 11 12 13 14 15 | 15.6
Long Blades    | 1 2 3 4 5 6 7 8 9 10 11 12 13 14 15 | 15.6
Axes           | 1 2 3 4 5 6 7 8 9 10 11 12 13 14 15 | 15.6
Maces & Flails | 1 2 3 4 5 6 7 8 9 10 11 12 13 14 15 | 15.6
Polearms       | 1 2 3 4 5 6 7 8 9 10 11 12 13 14 15 | 15.6
Staves         | 1 2 3 4 5 6 7 8 9 10 11 12 13 14 15 | 15.6
Slings         | 1 2 3 4 5 6 7 8 9 10 11 12 13 14 15 | 15.6
Bows           | 1 2 3 4 5 6 7 8 9 10 11 12 13 14 15 | 15.6
Crossbows      | 1 2 3 4 5 6 7 8 9 10 11 12 13 14 15 | 15.6
Throwing       | 1 2 3 4 5 6 7 8 9 10 11 12 13 14 15 | 15.6
Armour         | 1 2 3 4 5 6 7 8 9 10 11 12 13 14 15 | 15.6
Shields        | 1 2 3 4 5 6 7 8 9 10 11 12 13 14 15 | 15.6
Unarmed Combat | 1 2 3 4 5 6 7 8 9 10 11 12 13 14 15 | 15.6
Evocations     | 1 2 3 4 5 6 7 8 9 10 11 12 13 14 15 | 15.6
Hexes          | 1 2 3 4 5 6 7 8 9 10 11 12 13 | 13.5
Charms         | 1 2 3 4 5 6 7 8 9 10 11 12 13 | 13.5
Necromancy     | 1 2 3 4 5 6 7 8 9 10 11 12 13 | 13.5
Transmutations | 1 2 3 4 5 6 7 8 9 10 11 12 13 | 13.5
Fire Magic     | 1 2 3 4 5 6 7 8 9 10 11 12 13 | 13.5
Ice Magic      | 1 2 3 4 5 6 7 8 9 10 11 12 13 | 13.5
Air Magic      | 1 2 3 4 5 6 7 8 9 10 11 12 13 | 13.5
Earth Magic    | 1 2 3 4 5 6 7 8 9 10 11 12 13 | 13.5
Poison Magic   | 1 2 3 4 5 6 7 8 9 10 11 12 13 | 13.5
Dodging        | 5 6 7 8 9 10 11 12 13 14 15 16 | 16.1
Stealth        | 5 6 7 8 9 10 11 12 13 14 15 16 | 16.1
Spellcasting   | 8 9 10 11 12 13 14 15 16 17 | 17.5

Action                   |  1- 3 |  4- 6 |  7- 9 | 10-12 | 13-15 | 16-18 | 19-21 | 22-24 || total
-------------------------+-------+-------+-------+-------+-------+-------+-------+-------++-------
Melee: Whip              |       |    15 |       |       |       |       |       |       ||    15
       Bite              |       |     2 |    27 |   153 |   335 |   421 |   464 |   353 ||  1755
       Morningstar       |       |    59 |    21 |       |       |       |       |       ||    80
       Flail             |       |       |   249 |  1107 |   867 |       |       |       ||  2223
       Mace              |       |       |       |       |   475 |  1651 |       |    50 ||  2176
       Katana            |       |       |       |       |       |    46 |  1953 |  1451 ||  3450
Throw: Throwing net      |       |       |       |     1 |       |       |       |     2 ||     3
 Cast: Magic Dart        |    48 |   151 |   240 |   135 |   167 |   108 |     5 |    90 ||   944
       Mephitic Cloud    |       |    10 |    23 |    24 |    47 |    20 |     8 |     1 ||   133
       Blink             |       |     4 |     3 |    10 |     3 |    12 |     5 |    11 ||    48
       Conjure Flame     |       |     1 |     3 |     9 |     5 |     1 |       |     2 ||    21
       Regeneration      |       |       |       |       |     5 |    11 |     4 |     8 ||    28
       Inner Flame       |       |       |       |       |    13 |    39 |       |       ||    52
       Passwall          |       |       |       |       |       |       |     1 |       ||     1
       Apportation       |       |       |       |       |       |       |     1 |     4 ||     5
       Fireball          |       |       |       |       |       |       |       |     2 ||     2
       Freezing Cloud    |       |       |       |       |       |       |       |    14 ||    14
       Portal Projectile |       |       |       |       |       |       |       |     1 ||     1
Invok: Bend Time         |       |       |       |     6 |     2 |     8 |     3 |     3 ||    22
       Slouch            |       |       |       |       |     8 |     7 |     8 |    10 ||    33
       Step From Time    |       |       |       |       |     1 |       |       |     1 ||     2
 Abil: Evoke Berserk Rag |       |       |       |     7 |       |       |       |       ||     7
       Evoke Invisibilit |       |       |       |     2 |     1 |     2 |       |     1 ||     6
Evoke: Wand              |       |     8 |     2 |    16 |     6 |     4 |    17 |    18 ||    71
  Use: Scroll            |     3 |     5 |     8 |    20 |     8 |    12 |    14 |    18 ||    88
       Potion            |       |     1 |     2 |     5 |     5 |     3 |     1 |     4 ||    21
 Stab: Confused          |       |     2 |     1 |    15 |    42 |    39 |    20 |       ||   119
       Sleeping          |       |     2 |     1 |       |     4 |     7 |    15 |    22 ||    51
       Invisible         |       |       |       |    10 |     6 |     2 |       |     6 ||    24
       Distracted        |       |       |       |     1 |     2 |     3 |     2 |     3 ||    11
       Held in net/web   |       |       |       |       |       |       |     1 |       ||     1
  Eat: Chunk             |       |     8 |     5 |    15 |    12 |     7 |    12 |    11 ||    70
       Ration            |       |     1 |     4 |     6 |     2 |     4 |     4 |     4 ||    25
Armor: Robe              |       |     1 |       |       |       |       |       |       ||     1
       Leather armour    |       |    13 |    40 |       |       |       |       |       ||    53
       Chain mail        |       |       |    53 |   642 |   399 |   533 |   234 |   271 ||  2132
       Plate armour      |       |       |       |       |    65 |       |       |       ||    65
Dodge: Dodged            |     5 |    78 |   170 |   789 |  1528 |  1670 |   922 |   737 ||  5899
Block: Buckler           |       |    19 |    89 |   356 |   636 |       |       |       ||  1100
       Large shield      |       |       |       |       |   395 |  2712 |  2123 |  1755 ||  6985
       Reflection        |       |       |       |       |     1 |    35 |   148 |   172 ||   356
       Rpst.: Katana     |       |       |       |       |       |     2 |   174 |    95 ||   271

Table legend:
 A = Non-vault XP
 B = Vault XP
 C = Vault XP percentage of total XP
 D = Non-vault monster count
 E = Vault monster count
 F = Vault count percentage of total count
                 A         B        C        D         E       F
            +---------+---------+-------+---------+---------+-------
      Total |  418035 |  509638 |  54.9 |    1221 |     755 |  38.2
            +---------+---------+-------+---------+---------+-------
        D:1 |      23 |       0 |   0.0 |      12 |       0 |   0.0
        D:2 |     106 |      37 |  25.9 |      21 |       1 |   4.5
        D:3 |     147 |     159 |  52.0 |      37 |       3 |   7.5
        D:4 |     392 |     124 |  24.0 |      12 |       1 |   7.7
        D:5 |     844 |     194 |  18.7 |      18 |       2 |  10.0
        D:6 |    1059 |       0 |   0.0 |      24 |       0 |   0.0
        D:7 |     744 |       0 |   0.0 |      17 |       0 |   0.0
        D:8 |    1695 |       0 |   0.0 |      29 |       0 |   0.0
        D:9 |     660 |    1521 |  69.7 |      13 |       7 |  35.0
       D:10 |    2072 |       0 |   0.0 |      18 |       0 |   0.0
       D:11 |    2586 |    1331 |  34.0 |      15 |      21 |  58.3
       D:12 |    8747 |     146 |   1.6 |      59 |       2 |   3.3
       D:13 |    6136 |     403 |   6.2 |      30 |       1 |   3.2
       D:14 |   12981 |   10848 |  45.5 |      35 |      12 |  25.5
       D:15 |   10793 |    3382 |  23.9 |      33 |       4 |  10.8
     Lair:1 |    5441 |    2336 |  30.0 |      19 |       3 |  13.6
     Lair:2 |    4731 |    2805 |  37.2 |      20 |      10 |  33.3
     Lair:3 |    9726 |       0 |   0.0 |      41 |       0 |   0.0
     Lair:4 |    5340 |    1521 |  22.2 |      22 |      17 |  43.6
     Lair:5 |    7394 |    1889 |  20.3 |      33 |       4 |  10.8
     Lair:6 |   10001 |   12220 |  55.0 |      30 |      24 |  44.4
   Shoals:1 |    9344 |    4275 |  31.4 |      24 |       5 |  17.2
   Shoals:2 |   12605 |       0 |   0.0 |      31 |       0 |   0.0
   Shoals:3 |   15518 |    3761 |  19.5 |      34 |       5 |  12.8
   Shoals:4 |    9204 |   20787 |  69.3 |      17 |      29 |  63.0
   Spider:1 |   22988 |    7471 |  24.5 |      50 |       7 |  12.3
   Spider:2 |   13000 |       0 |   0.0 |      40 |       0 |   0.0
   Spider:3 |    5731 |    6319 |  52.4 |      15 |      37 |  71.2
   Spider:4 |   11704 |   25307 |  68.4 |      40 |      43 |  51.8
      Orc:1 |    2432 |   13480 |  84.7 |      17 |      33 |  66.0
      Orc:2 |    7013 |    7600 |  52.0 |      54 |      43 |  44.3
      Elf:1 |   20713 |    8577 |  29.3 |      41 |      14 |  25.5
      Elf:2 |   19964 |   28041 |  58.4 |      32 |      38 |  54.3
      Elf:3 |    7281 |   43436 |  85.6 |      12 |      32 |  72.7
   Vaults:1 |   12961 |   21166 |  62.0 |      26 |      34 |  56.7
   Vaults:2 |   30692 |   26577 |  46.4 |      58 |      35 |  37.6
   Vaults:3 |   47367 |   19452 |  29.1 |      72 |      22 |  23.4
   Vaults:4 |   39203 |   73856 |  65.3 |      47 |      74 |  61.2
   Vaults:5 |    8151 |   86613 |  91.4 |      14 |      67 |  82.7
   Depths:1 |   22111 |   19213 |  46.5 |      41 |      15 |  26.8
   Depths:2 |    7174 |       0 |   0.0 |      12 |       0 |   0.0
    Abyss:2 |    1261 |    3155 |  71.4 |       6 |       6 |  50.0
      IceCv |       0 |    2653 | 100.0 |       0 |      10 | 100.0
 Desolation |       0 |   48983 | 100.0 |       0 |      94 | 100.0
            +---------+---------+-------+---------+---------+-------
